AoeStats
← oslepov1

Golden Pit

509910465Analyzed
1v1 RM · 5d ago on Sep 28, 2026· 26m 22s· 2 players
Game mode
Random Map
Map size
Tiny (2 player)
Population
200
Speed
Normal
Resources
Standard
Victory
Conquest
Starting age
Dark Age
Ending age
Imperial Age
RankedLock teamsTeams togetherTeam positionsShared explorationLock speedFull tech treeHidden civsTurbo modeCheats
Victory
Defeat
🇲🇽 Mongols · Mexico
689
+15
🇬🇧 Lithuanians · United Kingdom
657
-33
oslepov1
7:25 Loom
10:54 Feudal Age
11:33 Double-Bit Axe
11:33 Horse Collar
16:18 Bloodlines
26:40 Castle Age
26:38 Scale Barding Armor
26:44 Forging
TheImpaler
9:36 Loom
11:57 Feudal Age
17:11 Castle Age
15:24 Double-Bit Axe
16:24 Horse Collar
17:06 Bloodlines
22:23 Husbandry
22:40 Scale Barding Armor
23:53 Forging
25:09 Wheelbarrow
Connection lost

Rejoining the realm…

Still unreachable

The connection could not be restored.

Session expired

The server has moved on; the page needs a fresh start.